 Dungeon Crawl Stone Soup version 0.21.1-1-g345015f (webtiles) character file.

6052 teukkam the Slicer (level 10, -1/77 HPs)
             Began as a Merfolk Abyssal Knight on Feb 15, 2018.
             Was a High Priest of Lugonu.
             Slain by an ice devil (2 damage)
             ... on level 1 of the Lair of Beasts on Feb 16, 2018.
             The game lasted 00:39:41 (9433 turns).

teukkam the Slicer (Merfolk Abyssal Knight)         Turns: 9433, Time: 00:39:43

Health: -1/77      AC: 14    Str: 14 (16) XL:     10   Next: 87%
Magic:  13/13      EV:  9    Int: 11      God:    Lugonu [*****.]
Gold:   410        SH:  0    Dex: 16      Spells: 9/9 levels left

rFire    . . .     SeeInvis .   w - +0 shortbow (flame)
rCold    . . .     Gourm    .   (shield currently unavailable)
rNeg     . . .     Faith    .   E - +0 chain mail
rPois    +         Spirit   .   r - +2 helmet
rElec    .         Reflect  .   x - scarf {cloud immunity}
rCorr    .         Harm     .   (no gloves)
MR       .....                  l - +1 pair of boots
Stlth    +.........             (no amulet)
HPRegen  0.22/turn              (no ring)
MPRegen  0.13/turn              (no ring)

@: no status effects
A: change form in water, swift swim, stealthy swim, thin skeletal structure 1,
poison resistance
a: Depart the Abyss, Bend Space, Banish, Corrupt, Enter the Abyss, Renounce
Religion


You were on level 1 of the Lair of Beasts.
You worshipped Lugonu.
Lugonu was extremely pleased with you.
You were not hungry.

You visited 2 branches of the dungeon, and saw 10 of its levels.
You visited the Abyss 1 time.

You collected 554 gold pieces.
You spent 144 gold pieces at shops.

Inventory:

Hand Weapons
 a - the +11 dagger of the Philosopher {drain, Str+3 Stlth+}
   (You found it on level 5 of the Dungeon)

   A truly terrible weapon, it drains the life of those it strikes.
   It affects your strength (+3).
   It makes you more stealthy.
 b - a +0 blowgun
 j - a +2 dagger of venom
 w - a +0 shortbow of flaming (weapon)
 z - a +5 war axe
 C - a +0 shortbow
 H - a +3 spear
 J - a +0 whip of freezing
 N - a +2 shortbow of freezing
Missiles
 k - 35 poisoned needles
 p - 7 tomahawks
 F - 130 arrows (quivered)
 L - 3 javelins
Armour
 l - a +1 pair of boots (worn)
 r - a +2 helmet (worn)
 x - a scarf of cloud immunity (worn)
 E - a +0 chain mail (worn)
 I - a +0 shield
Magical Staves
 m - an uncursed staff of air
Wands
 y - a wand of acid (8)
 B - a wand of disintegration (12)
 G - a wand of polymorph (14)
Scrolls
 d - 2 scrolls of enchant weapon
 f - 5 scrolls of remove curse
 g - 11 scrolls of identify {unknown}
 h - 3 scrolls of amnesia
 i - 4 scrolls of enchant armour
 n - a scroll of fear
 o - 3 scrolls of teleportation
 q - a scroll of magic mapping
 u - 3 scrolls of fog {unknown}
 A - 2 scrolls of blinking {unknown}
 D - 2 scrolls of immolation {unknown}
Potions
 s - 3 potions of invisibility
 t - a potion of might
 v - 3 potions of curing
 K - a potion of mutation
Books
 e - a book of Summonings

   Spells                             Type                      Level
   a - Recall                         Summoning/Translocation      3
   b - Aura of Abjuration             Summoning                    5
   c - Summon Demon                   Summoning                    5
   d - Summon Forest                  Summoning/Translocation      5
   e - Summon Mana Viper              Hexes/Summoning              5
   f - Shadow Creatures               Summoning                    6
Comestibles
 c - 18 rations
 M - a chunk of flesh


   Skills:
 - Level 6.5 Fighting
 + Level 9.1 Short Blades
 - Level 5.8 Polearms
 - Level 0.3 Throwing
 - Level 3.7 Armour
 - Level 7.2 Dodging
 + Level 7.3 Stealth
 + Level 6.8 Shields
 - Level 5.2 Invocations


You had 9 spell levels left.
You didn't know any spells.

Dungeon Overview and Level Annotations

Branches:
Dungeon (9/15)             Temple (0/1) D:6            Lair (1/6) D:9
    Orc: D:9-12

Altars:
Xom

Shops:
D:4 [   D:5 %   D:9 =*

Portals:
Ice
Cave: Lair:1


Innate Abilities, Weirdness & Mutations

You revert to your normal form in water.
You are very nimble and swift while swimming.
You are very stealthy in the water. (Stealth+)
You have a somewhat thin skeletal structure. (Dex +2, Stealth)
Your system is resistant to poisons. (rPois)


Message History

Found a frozen archway.
There is an open door here.
An ice devil comes into view.
The ice devil barely misses you.
Firing (i - inventory. (,) - cycle):
F - 132 arrows (quivered)
Press: ? - help, Shift-Dir - straight line, f - ice devil
Aim: an ice devil You shoot an arrow.
The arrow closely misses the ice devil.
The ice devil hits you. The ice devil freezes you!!
Firing (i - inventory. (,) - cycle):
F - 131 arrows (quivered)
Press: ? - help, Shift-Dir - straight line, f/p - ice devil
Aim: an ice devil You shoot an arrow.
The arrow hits the ice devil but does no damage.
The ice devil hits you!
* * * LOW HITPOINT WARNING * * *
The ice devil freezes you!!
* * * LOW HITPOINT WARNING * * *
The ice devil hits you.
You die...

,***#,* #P÷..#*,,*
,,,*,,** #...##**,*
,,,,..,####.### ***
,,,,..##P#..########
,,,,......#.##..∩..#
,,,,.P#.....##.....#
,,,,.##.....##.....#
,,,.........##..4..#
**##.##.....#**#@#**
**#...#.....# ##.##
*,......P.#.# #...#
,,...%......# #'#+#
,,..P.....#.###.#.#
*,.....P...###....#
***...###.## ##.###
**##* #.# #.# #.#
#.#


You could see an ice devil.

Vanquished Creatures
  Pikel (D:5)
  A spiny frog (Lair:1)
  Maurice (D:8)
  An ice devil (Lair:1)
  A hippogriff (D:7)
  A hungry ghost (D:8)
  A wyvern (D:8)
  Grum (D:8)
  A porcupine (D:9)
  An orc warrior (D:9)
  2 black bears (D:9)
  3 phantoms
  A necrophage (D:8)
  5 ogres
  2 sky beasts
  4 wolves (D:8)
  4 centaurs
  2 crocodiles (Lair:1)
  A big kobold (D:8)
  A gnoll sergeant (D:5)
  A bullfrog (D:9)
  4 scorpions
  8 wights
  3 howler monkeys
  A bullfrog zombie (D:5)
  A crimson imp (D:5)
  A centaur zombie (D:8)
  4 jellies
  3 bullfrog skeletons
  5 orc wizards
  2 orc priests (D:8)
  8 hounds
  2 iguanas
  5 worker ants
  3 hound zombies
  3 gnolls (D:5)
  12 adders
  2 shadow imps
  An ooze (D:1)
  2 adder skeletons
  A dart slug (D:2)
  9 leopard geckos
  16 orcs
  8 bats
  3 giant cockroaches
  7 goblins
  5 hobgoblins
  9 jackals
  10 kobolds
  3 quokkas
  5 frilled lizards
  A quokka skeleton (D:6)
  A quokka zombie (D:5)
  27 rats
211 creatures vanquished.

Vanquished Creatures (others)
  An ogre (D:4)
  Ijyb (D:5)
  An adder (D:4)
  A worm (D:4)
  An orc (D:4)
  A frilled lizard (D:5)
6 creatures vanquished.

Grand Total: 217 creatures vanquished

Notes
Turn   | Place    | Note
-------+----------+-------------------------------------------
     0 | Abyss:1  | teukkam the Merfolk Abyssal Knight began the quest for the Orb.
     0 | Abyss:1  | Reached XP level 1. HP: 18/18 MP: 2/2
     2 | Abyss:1  | Found a corrupted altar of Lugonu.
    28 | Abyss:1  | Noticed a kobold demonologist
    35 | D:1      | Escaped the Abyss
   334 | D:1      | Reached XP level 2. HP: 20/25 MP: 3/3
   413 | D:1      | Reached * piety under Lugonu
   550 | D:1      | Reached XP level 3. HP: 27/30 MP: 4/4
  1029 | D:2      | Reached ** piety under Lugonu
  1038 | D:2      | Reached skill level 1 in Armour
  1243 | D:2      | Reached XP level 4. HP: 37/37 MP: 5/5
  1637 | D:3      | Reached skill level 5 in Polearms
  1646 | D:3      | Reached XP level 5. HP: 33/42 MP: 6/6
  1828 | D:3      | Reached *** piety under Lugonu
  2239 | D:3      | Reached XP level 6. HP: 49/49 MP: 7/7
  2529 | D:3      | Reached skill level 1 in Short Blades
  2866 | D:4      | Found a shimmering altar of Xom.
  3160 | D:4      | Found Nyitet's Antique Armour Shop.
  3169 | D:4      | Bought an embroidered scarf for 144 gold pieces
  3256 | D:4      | Noticed a phantom
  3275 | D:4      | Killed a phantom
  3275 | D:4      | Reached skill level 2 in Short Blades
  3275 | D:4      | Reached XP level 7. HP: 31/55 MP: 9/9
  3346 | D:5      | Entered Level 5 of the Dungeon
  3535 | D:4      | Reached skill level 5 in Fighting
  3535 | D:4      | Reached skill level 5 in Dodging
  4171 | D:5      | Reached skill level 3 in Short Blades
  4287 | D:4      | Reached XP level 8. HP: 4/62 MP: 3/10
  4905 | D:5      | Noticed Ijyb
  5207 | D:5      | Found Acoyro's Food Boutique.
  5542 | D:5      | Got a bloodstained dagger
  5547 | D:5      | Identified the +11 dagger of the Philosopher {drain, Str+3 Stlth+} (You found it on level 5 of the Dungeon)
  5580 | D:5      | Reached skill level 4 in Short Blades
  5587 | D:5      | Noticed Pikel
  5620 | D:5      | Killed Pikel
  5905 | D:5      | Killed Ijyb
  5912 | D:6      | Reached XP level 9. HP: 69/69 MP: 12/12
  5925 | D:6      | Reached skill level 5 in Invocations
  5981 | D:6      | Found a staircase to the Ecumenical Temple.
  6006 | D:6      | Reached skill level 5 in Short Blades
  6074 | D:6      | Reached **** piety under Lugonu
  6132 | D:6      | Gained mutation: You are frail. (-10% HP) [potion of mutation]
  6132 | D:6      | Gained mutation: You possess an exceptional clarity of mind. [potion of mutation]
  6231 | D:6      | Lost mutation: You are frail. (-10% HP) [potion of mutation]
  6231 | D:6      | Lost mutation: You possess an exceptional clarity of mind. [potion of mutation]
  6231 | D:6      | Gained mutation: You have a somewhat thin skeletal structure. (Dex +2, Stealth) [potion of mutation]
  6231 | D:6      | Gained mutation: Your system is resistant to poisons. (rPois) [potion of mutation]
  6690 | D:6      | Reached skill level 1 in Stealth
  7279 | D:7      | Reached skill level 6 in Short Blades
  7311 | D:7      | You fall through a shaft!
  7327 | D:8      | Noticed Maurice
  7421 | D:8      | Killed Maurice
  7421 | D:8      | Reached skill level 7 in Short Blades
  7421 | D:8      | Reached XP level 10. HP: 64/77 MP: 13/13
  7469 | D:8      | Reached skill level 5 in Shields
  7491 | D:8      | Noticed Grum
  7502 | D:8      | Reached skill level 5 in Stealth
  7532 | D:8      | Killed Grum
  7945 | D:8      | Reached skill level 8 in Short Blades
  8617 | D:9      | Reached ***** piety under Lugonu
  8877 | D:9      | Found Jofiv's Jewellery Shop.
  9101 | D:9      | Found Vocuad's Assorted Antiques.
  9280 | D:9      | Found a staircase to the Lair.
  9302 | Lair:1   | Entered Level 1 of the Lair of Beasts
  9302 | Lair:1   | Noticed a spiny frog
  9306 | Lair:1   | Killed a spiny frog
  9351 | Lair:1   | Reached skill level 9 in Short Blades
  9428 | Lair:1   | Found a frozen archway.
  9433 | Lair:1   | HP: 1/77 [ice devil (18)]
  9433 | Lair:1   | Slain by an ice devil

Skill      XL: |  1  2  3  4  5  6  7  8  9 10 |
---------------+-------------------------------+-----
Dodging        | 3 4 5 6 7 |  7.2
Fighting       | 4 5 6 |  6.5
Armour         | 1 2 3 |  3.7
Polearms       | 4 5 |  5.8
Short Blades   | 2 3 4 7 9 |  9.1
Invocations    | 3 4 5 |  5.2
Shields        | 2 4 6 |  6.8
Stealth        | 4 7 |  7.3
Throwing       | |  0.3

Action                   |  1- 3 |  4- 6 |  7- 9 | 10-12 || total
-------------------------+-------+-------+-------+-------++-------
Melee: Spear             |   155 |   124 |    46 |       ||   325
       Dagger            |       |    51 |   181 |   161 ||   393
 Fire: Blowgun           |       |    24 |    60 |    30 ||   114
       Shortbow          |       |       |       |     2 ||     2
Throw: Javelin           |       |       |    24 |    18 ||    42
Invok: Depart the Abyss  |     1 |       |       |       ||     1
       Bend Space        |       |     1 |    32 |     5 ||    38
       Banish            |       |       |     1 |       ||     1
Evoke: Wand              |       |       |     4 |     3 ||     7
  Use: Scroll            |     2 |       |     6 |     1 ||     9
       Potion            |       |     4 |     6 |     2 ||    12
 Stab: Sleeping          |       |       |     4 |     3 ||     7
  Eat: Chunk             |     1 |     6 |     7 |     2 ||    16
       Ration            |       |     1 |     1 |     2 ||     4
Armor: Ring mail         |    44 |    71 |    74 |    36 ||   225
       Chain mail        |       |       |       |     3 ||     3
Dodge: Dodged            |    77 |    99 |   159 |    76 ||   411
Block: Shield            |       |       |    45 |    67 ||   112
